| TOP OF THE 1ST |
|
Nashville Sounds batting - Pitching for Columbus Clippers : RHP Roberto Reyes
|
|
Pitching: RHP Roberto Reyes
|
|
|
Batting: RHB Jeff Garofalo
|
0-0: Ball 1-0: Ground out 6-3 (Groundball, P, EV 81.9 MPH)
|
|
Batting: SHB Robert Santiago
|
0-0: Swinging Strike 0-1: Called Strike 0-2: Ball 1-2: Ball 2-2: Ground out 1-3 (Groundball, 13S, EV 63.1 MPH)
|
|
Batting: RHB Tim Cordle
|
0-0: SINGLE (Groundball, 6M, EV 86.2 MPH) (infield hit)
|
|
Batting: RHB David Herrera
|
0-0: Swinging Strike 0-1: Foul Ball, location: 2F 0-2: Strikes out swinging
|
| Top of the 1st over - 0 runs, 1 hit, 0 errors, 1 left on base; Nashville 0 - Columbus 0 |
| BOTTOM OF THE 1ST |
|
Columbus Clippers batting - Pitching for Nashville Sounds : LHP Kevin Clark
|
|
Pitching: LHP Kevin Clark
|
|
|
Batting: RHB Chang-wei Jiang
|
0-0: Called Strike 0-1: Swinging Strike 0-2: Fly out, F8 (Flyball, 8LD, EV 93.1 MPH)
|
|
Batting: LHB Jesus Lozano
|
0-0: Foul Ball, location: 2F 0-1: Swinging Strike 0-2: Ball 1-2: Ball 2-2: Fly out, F5 (Popup, 56S, EV 81.9 MPH)
|
|
Batting: LHB Corey Trevor
|
0-0: Ball 1-0: Called Strike 1-1: Ball 2-1: Ground out 6-3 (Groundball, 6S, EV 67.5 MPH)
|
| Bottom of the 1st over - 0 runs, 0 hits, 0 errors, 0 left on base; Nashville 0 - Columbus 0 |
| TOP OF THE 2ND |
|
Nashville Sounds batting - Pitching for Columbus Clippers : RHP Roberto Reyes
|
|
Batting: LHB Tomas Segarra
|
0-0: Called Strike 0-1: Ground out 6-3 (Groundball, 6, EV 90.0 MPH)
|
|
Batting: RHB Wade Diamond
|
0-0: Ball 1-0: Ball 2-0: Called Strike 2-1: Foul Ball, location: 2F 2-2: Foul Ball, location: 2F 2-2: Ball 3-2: Ground out 6-3 (Groundball, 6, EV 88.1 MPH)
|
|
Batting: LHB Zachary DeLuca
|
0-0: Foul Ball, location: 2F 0-1: Fly out, F8 (Flyball, 8RXD, EV 96.9 MPH)
|
| Top of the 2nd over - 0 runs, 0 hits, 0 errors, 0 left on base; Nashville 0 - Columbus 0 |
| BOTTOM OF THE 2ND |
|
Columbus Clippers batting - Pitching for Nashville Sounds : LHP Kevin Clark
|
|
Batting: LHB Stu Sornson
|
0-0: Ball 1-0: Called Strike 1-1: Ball 2-1: Swinging Strike 2-2: DOUBLE (Line Drive, 8LXD, EV 107.5 MPH)
|
|
Batting: RHB Josh Hoeye
|
0-0: Ball 1-0: Ball 2-0: Ground out 6-3 (Groundball, 6, EV 86.2 MPH) Stu Sornson to third
|
|
Batting: LHB Gabe White
|
0-0: Called Strike 0-1: Ground out U3 (Groundball, 34, EV 89.4 MPH) Stu Sornson scores
|
|
Batting: LHB Justin Barker
|
0-0: Ball 1-0: Ball 2-0: Called Strike 2-1: Ball 3-1: Base on Balls
|
|
Batting: LHB Tyler Babbitt
|
0-0: Foul Ball, location: 2F 0-1: Swinging Strike 0-2: Ball 1-2: Foul Ball, location: 2F 1-2: Ball 2-2: SINGLE (Flyball, 7LS, EV 82.5 MPH) Justin Barker to second
|
|
Batting: SHB Scott Scott
|
0-0: Called Strike 0-1: Foul Ball, location: 2F 0-2: Strikes out looking
|
| Bottom of the 2nd over - 1 run, 2 hits, 0 errors, 2 left on base; Nashville 0 - Columbus 1 |
| TOP OF THE 3RD |
|
Nashville Sounds batting - Pitching for Columbus Clippers : RHP Roberto Reyes
|
|
Batting: LHB Gregg Power
|
0-0: DOUBLE (Groundball, 3L, EV 106.9 MPH)
|
|
Batting: RHB Yonetoshi Muranaka
|
0-0: Called Strike 0-1: Ball 1-1: Foul Ball, location: 2F 1-2: Ground out 5-3 (Groundball, 56S, EV 79.4 MPH)
|
|
Batting: RHB Jeff Garofalo
|
0-0: Called Strike 0-1: Ball 1-1: Foul Ball, location: 2F 1-2: Ball 2-2: Foul Ball, location: 2F 2-2: Foul Ball, location: 2F 2-2: Ball 3-2: Base on Balls
|
|
Batting: SHB Robert Santiago
|
0-0: Ball 1-0: Called Strike 1-1: Called Strike 1-2: Strikes out looking
|
|
Batting: RHB Tim Cordle
|
0-0: Ball 1-0: Swinging Strike 1-1: Ball 2-1: Ball 3-1: DOUBLE (Flyball, 89XD, EV 106.2 MPH) Gregg Power scores Jeff Garofalo to third Runner from 3rd tries for Home, throw by CF and OUT! 8-4-2
|
| Top of the 3rd over - 1 run, 2 hits, 0 errors, 1 left on base; Nashville 1 - Columbus 1 |
| BOTTOM OF THE 3RD |
|
Columbus Clippers batting - Pitching for Nashville Sounds : LHP Kevin Clark
|
|
Batting: RHB Chang-wei Jiang
|
0-0: Ground out 1-3 (Groundball, 15, EV 69.4 MPH)
|
|
Batting: LHB Jesus Lozano
|
0-0: Called Strike 0-1: Ball 1-1: Foul Ball, location: 2F 1-2: Strikes out swinging
|
|
Batting: LHB Corey Trevor
|
0-0: Ball 1-0: Called Strike 1-1: Ground out 6-3 (Groundball, 6M, EV 78.1 MPH)
|
| Bottom of the 3rd over - 0 runs, 0 hits, 0 errors, 0 left on base; Nashville 1 - Columbus 1 |
| TOP OF THE 4TH |
|
Nashville Sounds batting - Pitching for Columbus Clippers : RHP Roberto Reyes
|
|
Batting: RHB David Herrera
|
0-0: Called Strike 0-1: Foul Ball, location: 2F 0-2: Ball 1-2: Strikes out swinging
|
|
Batting: LHB Tomas Segarra
|
0-0: Ball 1-0: Ball 2-0: Called Strike 2-1: Ball 3-1: Base on Balls
|
|
Batting: RHB Wade Diamond
|
0-0: SINGLE (Flyball, 4MD, EV 86.9 MPH) Tomas Segarra to second
|
|
Batting: LHB Zachary DeLuca
|
0-0: Foul Ball, location: 2F 0-1: Swinging Strike 0-2: Ball 1-2: Foul Ball, location: 2F 1-2: Ball 2-2: Foul Ball, location: 2F 2-2: Strikes out looking
|
|
Batting: LHB Gregg Power
|
0-0: Foul Ball, location: 2F 0-1: Ball 1-1: Hit by Pitch Tomas Segarra to third Wade Diamond to second
|
|
Batting: RHB Yonetoshi Muranaka
|
0-0: Ball 1-0: Ball 2-0: Ball 3-0: Base on Balls Tomas Segarra scores Wade Diamond to third Gregg Power to second
|
|
Batting: RHB Jeff Garofalo
|
0-0: Foul Ball, location: 2F 0-1: Called Strike 0-2: Strikes out swinging
|
| Top of the 4th over - 1 run, 1 hit, 0 errors, 3 left on base; Nashville 2 - Columbus 1 |
| BOTTOM OF THE 4TH |
|
Columbus Clippers batting - Pitching for Nashville Sounds : LHP Kevin Clark
|
|
Batting: LHB Stu Sornson
|
0-0: Ball 1-0: Swinging Strike 1-1: Foul Ball, location: 2F 1-2: SINGLE (Groundball, 6D, EV 94.4 MPH)
|
|
Batting: RHB Josh Hoeye
|
0-0: Called Strike Stu Sornson steals 2nd base 0-1: Foul Ball, location: 2F 0-2: Strikes out swinging
|
|
Batting: LHB Gabe White
|
0-0: Called Strike 0-1: Called Strike 0-2: Ground out 4-3 (Groundball, 4, EV 107.5 MPH) Stu Sornson to third
|
|
Batting: LHB Justin Barker
|
0-0: Ball 1-0: Ground out 6-3 (Groundball, 4M, EV 89.4 MPH)
|
| Bottom of the 4th over - 0 runs, 1 hit, 0 errors, 1 left on base; Nashville 2 - Columbus 1 |
| TOP OF THE 5TH |
|
Nashville Sounds batting - Pitching for Columbus Clippers : RHP Roberto Reyes
|
|
Batting: SHB Robert Santiago
|
0-0: Called Strike 0-1: Swinging Strike 0-2: Ball 1-2: Ball 2-2: SINGLE (Groundball, 4MS, EV 70.6 MPH) (infield hit)
|
|
Batting: RHB Tim Cordle
|
0-0: Fly out, F8 (Flyball, 8LD, EV 83.8 MPH)
|
|
Batting: RHB David Herrera
|
0-0: Ball 1-0: Ball 2-0: Called Strike 2-1: Ball 3-1: Foul Ball, location: 2F 3-2: Base on Balls Robert Santiago to second
|
|
Batting: LHB Tomas Segarra
|
0-0: Ball 1-0: Called Strike 1-1: Ball 2-1: Foul Ball, location: 2F 2-2: SINGLE (Line Drive, 89S, EV 100.6 MPH) Robert Santiago to third David Herrera to second
|
|
Batting: RHB Wade Diamond
|
0-0: Called Strike 0-1: Ball 1-1: Called Strike 1-2: Foul Ball, location: 2F 1-2: Foul Ball, location: 2F 1-2: Fielders Choice at 2nd, 5-4 (Groundball, 5, EV 86.2 MPH) Robert Santiago scores David Herrera to third
|
|
Batting: LHB Zachary DeLuca
|
0-0: Called Strike 0-1: Called Strike 0-2: Ball 1-2: Ball 2-2: Strikes out looking
|
| Top of the 5th over - 1 run, 2 hits, 0 errors, 2 left on base; Nashville 3 - Columbus 1 |
| BOTTOM OF THE 5TH |
|
Columbus Clippers batting - Pitching for Nashville Sounds : LHP Kevin Clark
|
|
Batting: LHB Tyler Babbitt
|
0-0: Ground out 5-3 (Groundball, 56, EV 84.4 MPH)
|
|
Batting: SHB Scott Scott
|
0-0: Called Strike 0-1: Ball 1-1: Ball 2-1: Ball 3-1: Base on Balls
|
|
Batting: RHB Chang-wei Jiang
|
0-0: Ball Scott Scott steals 2nd base 1-0: Foul Ball, location: 2F 1-1: Foul Ball, location: 2F 1-2: Foul Ball, location: 2F 1-2: SINGLE (Line Drive, 9LM, EV 106.2 MPH) Scott Scott to third
|
|
Batting: LHB Jesus Lozano
|
0-0: Ground out 4-3 (Groundball, 13, EV 86.9 MPH) Scott Scott scores Chang-wei Jiang to second
|
|
Batting: LHB Corey Trevor
|
0-0: Ball 1-0: Ball 2-0: Ball 3-0: Called Strike 3-1: Called Strike 3-2: Base on Balls
|
|
Batting: LHB Stu Sornson
|
0-0: Called Strike 0-1: Called Strike 0-2: Foul Ball, location: 2F 0-2: SINGLE (Groundball, 56S, EV 71.9 MPH) (infield hit) Chang-wei Jiang to third Corey Trevor to second
|
|
Batting: RHB Josh Hoeye
|
0-0: Ball 1-0: Called Strike 1-1: Ball 2-1: Foul Ball, location: 2F 2-2: Ball 3-2: Base on Balls Chang-wei Jiang scores Corey Trevor to third Stu Sornson to second
|
|
Batting: LHB Gabe White
|
0-0: Called Strike 0-1: Called Strike 0-2: Strikes out swinging
|
| Bottom of the 5th over - 2 runs, 2 hits, 0 errors, 3 left on base; Nashville 3 - Columbus 3 |
| TOP OF THE 6TH |
|
Nashville Sounds batting - Pitching for Columbus Clippers : RHP Roberto Reyes
|
|
Pitching: LHP Victor Garcia
|
|
|
Batting: LHB Gregg Power
|
0-0: Ball 1-0: Ball 2-0: DOUBLE (Flyball, 78D, EV 93.1 MPH)
|
|
Batting: RHB Yonetoshi Muranaka
|
0-0: Called Strike 0-1: Ball 1-1: Swinging Strike 1-2: Ball 2-2: Ball 3-2: Base on Balls
|
|
Batting: RHB Jeff Garofalo
|
0-0: Ball 1-0: Foul Ball, location: 2F 1-1: Ball 2-1: Called Strike 2-2: SINGLE (Line Drive, 56D, EV 110.6 MPH) Gregg Power to third Yonetoshi Muranaka to second
|
|
Batting: SHB Robert Santiago
|
0-0: Ball 1-0: Swinging Strike 1-1: Foul Ball, location: 2F 1-2: Fly out, F7 (Flyball, 7, EV 73.1 MPH)
|
|
Batting: RHB Tim Cordle
|
0-0: Called Strike 0-1: Grounds into fielders choice 5-2 (Groundball, 56S, EV 80.6 MPH) Yonetoshi Muranaka to third Jeff Garofalo to second
|
|
Batting: RHB David Herrera
|
0-0: Ball 1-0: Foul Ball, location: 2F 1-1: Ball 2-1: Foul Ball, location: 2F 2-2: Foul Ball, location: 2F 2-2: Strikes out swinging
|
| Top of the 6th over - 0 runs, 2 hits, 0 errors, 3 left on base; Nashville 3 - Columbus 3 |
| BOTTOM OF THE 6TH |
|
Columbus Clippers batting - Pitching for Nashville Sounds : LHP Kevin Clark
|
|
Batting: LHB Justin Barker
|
0-0: Ball 1-0: Called Strike 1-1: Foul Ball, location: 2F 1-2: Strikes out swinging
|
|
Batting: LHB Tyler Babbitt
|
0-0: Foul Ball, location: 2F 0-1: Called Strike 0-2: Ball 1-2: Ball 2-2: Ball 3-2: Strikes out looking
|
|
Batting: SHB Scott Scott
|
0-0: Called Strike 0-1: Called Strike 0-2: Ball 1-2: Foul Ball, location: 2F 1-2: Foul Ball, location: 2F 1-2: Foul Ball, location: 2F 1-2: Ground out 1-3 (Groundball, 13S, EV 73.8 MPH)
|
| Bottom of the 6th over - 0 runs, 0 hits, 0 errors, 0 left on base; Nashville 3 - Columbus 3 |
| TOP OF THE 7TH |
|
Nashville Sounds batting - Pitching for Columbus Clippers : LHP Victor Garcia
|
|
Batting: LHB Tomas Segarra
|
0-0: Called Strike 0-1: Called Strike 0-2: Ball 1-2: SINGLE (Line Drive, 6M, EV 108.8 MPH)
|
|
Batting: RHB Wade Diamond
|
0-0: Bunted foul 0-1: Sac Bunt to 15S - play at first, batter OUT! 1-3 Tomas Segarra to second
|
|
Pinch Hitting: RHB Ryan Kinkead
|
0-0: Intentional Walk
|
|
Batting: LHB Gregg Power
|
0-0: Ball 1-0: Ball 2-0: Ball 3-0: Called Strike 3-1: Base on Balls Tomas Segarra to third Ryan Kinkead to second
|
|
Pitching: RHP Nate Souza
|
|
|
Pinch Hitting: LHB Ben Goldstein
|
0-0: Foul Ball, location: 2F 0-1: Grounds into fielders choice 6-2 (Groundball, 6, EV 99.4 MPH) Ryan Kinkead to third Gregg Power to second
|
|
Batting: RHB Jeff Garofalo
|
0-0: Ball 1-0: Foul Ball, location: 2F 1-1: Ground out U3 (Groundball, 34, EV 85.6 MPH)
|
| Top of the 7th over - 0 runs, 1 hit, 0 errors, 3 left on base; Nashville 3 - Columbus 3 |
| BOTTOM OF THE 7TH |
|
Columbus Clippers batting - Pitching for Nashville Sounds : LHP Kevin Clark
|
|
Pitching: RHP Márcio Travanca
|
|
|
Now at 2B: Scott Wiggs
|
|
|
Now in RF: Robby Godwin
|
|
|
Pinch Hitting: LHB Robert Watson
|
0-0: Ball 1-0: Foul Ball, location: 2F 1-1: Fly out, F9 (Flyball, 9, EV 91.9 MPH)
|
|
Batting: LHB Jesus Lozano
|
0-0: Fly out, F8 (Flyball, 8RM, EV 83.8 MPH)
|
|
Batting: LHB Corey Trevor
|
0-0: Ball 1-0: SINGLE (Groundball, 34D, EV 102.5 MPH)
|
|
Batting: LHB Stu Sornson
|
0-0: Ball 1-0: Foul Ball, location: 2F 1-1: Ball 2-1: Ball Corey Trevor steals 2nd base (no throw) 3-1: Base on Balls
|
|
Batting: LHB Danny Dunham
|
0-0: Ball 1-0: Called Strike 1-1: Fielders Choice at 2nd, U4 (Groundball, 4M, EV 90.6 MPH)
|
| Bottom of the 7th over - 0 runs, 1 hit, 0 errors, 2 left on base; Nashville 3 - Columbus 3 |
| TOP OF THE 8TH |
|
Nashville Sounds batting - Pitching for Columbus Clippers : RHP Nate Souza
|
|
Pitching: LHP Mitch Lewis
|
|
|
Now at 3B: Dan Hill
|
|
|
Batting: SHB Robert Santiago
|
0-0: Ball 1-0: TRIPLE (Line Drive, 8RXD, EV 108.8 MPH)
|
|
Batting: RHB Tim Cordle
|
0-0: Fly out, F7 (Flyball, 7, EV 95.0 MPH)
|
|
Batting: RHB David Herrera
|
0-0: Intentional Walk
|
|
Batting: LHB Tomas Segarra
|
0-0: Foul Ball, location: 2F 0-1: Ball 1-1: Called Strike 1-2: Strikes out swinging
|
|
Batting: RHB Wade Diamond
|
0-0: Ball 1-0: Ball 2-0: Foul Ball, location: 2F 2-1: SINGLE (Groundball, 56D, EV 103.8 MPH) Robert Santiago scores David Herrera to second
|
|
Batting: RHB Robby Godwin
|
0-0: Ball 1-0: Fly out, F6 (Popup, 6, EV 58.8 MPH)
|
| Top of the 8th over - 1 run, 2 hits, 0 errors, 2 left on base; Nashville 4 - Columbus 3 |
| BOTTOM OF THE 8TH |
|
Columbus Clippers batting - Pitching for Nashville Sounds : RHP Márcio Travanca
|
|
Pitching: RHP Kevin Endsley
|
|
|
Batting: LHB Gabe White
|
0-0: Called Strike 0-1: Ball 1-1: Foul Ball, location: 2F 1-2: SINGLE (Groundball, 6MS, EV 71.9 MPH) (infield hit)
|
|
Batting: LHB Justin Barker
|
0-0: Called Strike 0-1: Ball 1-1: Ball 2-1: Foul Ball, location: 2F 2-2: Foul Ball, location: 2F 2-2: Hit by Pitch Gabe White to second
|
|
Batting: LHB Tyler Babbitt
|
0-0: Ball 1-0: Bunt missed! 1-1: Ball 2-1: Bunted foul 2-2: Strikes out swinging
|
|
Batting: SHB Scott Scott
|
0-0: Ball 1-0: Called Strike 1-1: Foul Ball, location: 2F 1-2: Strikes out looking
|
|
Batting: SHB Dan Hill
|
0-0: Foul Ball, location: 2F 0-1: Ball 1-1: Swinging Strike 1-2: Ball 2-2: Strikes out swinging
|
| Bottom of the 8th over - 0 runs, 1 hit, 0 errors, 2 left on base; Nashville 4 - Columbus 3 |
| TOP OF THE 9TH |
|
Nashville Sounds batting - Pitching for Columbus Clippers : LHP Mitch Lewis
|
|
Pitching: RHP Chris Cohen
|
|
|
Batting: LHB Gregg Power
|
0-0: DOUBLE (Line Drive, 7LM, EV 93.8 MPH)
|
|
Batting: RHB Scott Wiggs
|
0-0: Swinging Strike 0-1: Called Strike 0-2: Strikes out swinging
|
|
Batting: RHB Jeff Garofalo
|
0-0: Ball 1-0: Called Strike 1-1: Swinging Strike 1-2: Strikes out swinging
|
|
Batting: SHB Robert Santiago
|
0-0: Swinging Strike 0-1: Called Strike 0-2: Ball 1-2: Foul Ball, location: 2F 1-2: Foul Ball, location: 2F 1-2: Foul Ball, location: 2F 1-2: Ball 2-2: SINGLE (Line Drive, 7S, EV 100.0 MPH) Gregg Power to third
|
|
Batting: RHB Tim Cordle
|
0-0: Called Strike 0-1: Foul Ball, location: 2F 0-2: Hit by Pitch Robert Santiago to second
|
|
Batting: RHB David Herrera
|
0-0: Ball 1-0: Ball 2-0: Ball 3-0: Base on Balls Gregg Power scores Robert Santiago to third Tim Cordle to second
|
|
Batting: LHB Tomas Segarra
|
0-0: Ball 1-0: Called Strike 1-1: Called Strike 1-2: Ball 2-2: Strikes out swinging
|
| Top of the 9th over - 1 run, 2 hits, 0 errors, 3 left on base; Nashville 5 - Columbus 3 |
| BOTTOM OF THE 9TH |
|
Columbus Clippers batting - Pitching for Nashville Sounds : RHP Kevin Endsley
|
|
Pitching: RHP Charlie Shook
|
|
|
Batting: LHB Jesus Lozano
|
0-0: Foul Ball, location: 2F 0-1: Ball 1-1: Foul Ball, location: 2F 1-2: Ball 2-2: SINGLE (Groundball, 2R, EV 63.8 MPH) (infield hit)
|
|
Batting: LHB Corey Trevor
|
0-0: Called Strike 0-1: Fly out, F8 (Flyball, 8RD, EV 98.8 MPH)
|
|
Batting: LHB Stu Sornson
|
0-0: Ball 1-0: Ball 2-0: Foul Ball, location: 2F 2-1: Ball 3-1: Fielders Choice at 2nd, 4-6 (Groundball, 4D, EV 85.0 MPH)
|
|
Batting: LHB Danny Dunham
|
0-0: Called Strike 0-1: Ball 1-1: Foul Ball, location: 2F 1-2: Ball 2-2: SINGLE (Groundball, 6D, EV 102.5 MPH) Stu Sornson to second
|
|
Batting: LHB Gabe White
|
0-0: Called Strike 0-1: Called Strike 0-2: Foul Ball, location: 2F 0-2: Ball 1-2: Ball 2-2: DOUBLE (Groundball, 5L, EV 106.9 MPH) Stu Sornson scores Danny Dunham to third
|
|
Batting: LHB Justin Barker
|
0-0: Foul Ball, location: 2F 0-1: Fly out, F7 (Flyball, 7LM, EV 81.2 MPH)
|
| Bottom of the 9th over - 1 run, 3 hits, 0 errors, 2 left on base; Nashville 5 - Columbus 4 |
|